 Dungeon Crawl Stone Soup version 0.21.1-1-g345015fe64 (webtiles) character file.

88 Hercules1031 the Skirmisher (level 4, -1/60 HPs)
             Began as a Draconian Wanderer on June 10, 2018.
             Slain by Hercules1031's ghost (3 damage)
             ... on level 3 of the Dungeon.
             The game lasted 00:16:16 (3025 turns).

Hercules1031 the Skirmisher (Draconian Wanderer)    Turns: 3025, Time: 00:16:16

Health: -1/60      AC: 22    Str: 12 (15) XL:     4   Next: 30%
Magic:  1/9        EV:  2    Int: 11 (14) God:
Gold:   106        SH:  0    Dex: 13 (14) Spells: 3/10 levels left

rFire    . . .     SeeInvis .   k - +0 flail
rCold    . . .     Gourm    .   (no shield)
rNeg     + + +     Faith    .   (armour unavailable)
rPois    +         Spirit   .   (helmet currently unavailable)
rElec    .         Reflect  .   (cloak currently unavailable)
rCorr    .         Harm     .   (gloves currently unavailable)
MR       .....     NoTele   +   (boots currently unavailable)
Stlth    +++.......             (no amulet)
HPRegen  0.20/turn              (no ring)
MPRegen  0.11/turn              (no ring)

@: agile, tree-form, very slightly contaminated, hasted, very quick
A: unfitting armour, AC +5
a: no special abilities


You were on level 3 of the Dungeon.
You were full.
You were a tree.
You visited 1 branch of the dungeon, and saw 3 of its levels.

You collected 106 gold pieces.

Inventory:

Hand Weapons
 b - a +0 shortbow
 e - a +1 whip
 k - a +0 flail (weapon)
Missiles
 c - 20 arrows
Armour
 l - a +0 pair of boots (melded)
Scrolls
 f - 2 scrolls of remove curse
 i - 4 scrolls of identify
Books
 a - a book of Minor Magic

   Spells                             Type                      Level
   a - Magic Dart                     Conjuration                  1
   b - Blink                          Translocation                2
   c - Call Imp                       Summoning                    2
   d - Slow                           Hexes                        2
   e - Conjure Flame                  Conjuration/Fire             3
   f - Mephitic Cloud                 Conjuration/Poison/Air       3


   Skills:
 + Level 3.9 Fighting
 + Level 1.0 Maces & Flails
 + Level 0.9 Dodging
 - Level 1.0 Stealth
   Level 1.0 Shields
 * Level 3.5 Spellcasting
 + Level 1.0 Conjurations
 + Level 0.5 Hexes
 + Level 0.6 Summonings
 + Level 1.2 Translocations
   Level 1.0 Air Magic


You had 3 spell levels left.
You knew the following spells:

 Your Spells              Type           Power        Failure   Level  Hunger
a - Magic Dart            Conj           #...         16%         1    #......
b - Blink                 Tloc           N/A          22%         2    ###....
c - Call Imp              Summ           #.......     28%         2    ###....
d - Slow                  Hex            #.......     30%         2    ###....


Dungeon Overview and Level Annotations

Branches:
Dungeon (3/15)

Altars:
Ashenzari
Elyvilon
Hepliaklqana
Qazlal
The Shining One

Annotations:
D:3 Hercules1031's ghost, amateur TrFi


Innate Abilities, Weirdness & Mutations

((Your plain brown scales are hard. (AC +5)))
You cannot fit into any form of body armour.
((You are cold-blooded and may be slowed by cold attacks.))


Message History

You don't have enough magic to cast that spell.
As you read the scroll labeled YSASIMMYRAC, it crumbles to dust.
The scroll dissolves into smoke.
It was a scroll of fog.
As you read the scroll labeled NEIFOILUXT, it crumbles to dust.
You feel aware of your surroundings.
It was a scroll of magic mapping.
Hercules1031's ghost hits you but does no damage.
Hercules1031's ghost is nearby!
Hercules1031's ghost is nearby!
Hercules1031's ghost laughs, "And you think you're capable of finding the ORB?
I had it, you know.
Then I gave it away so I could steal it AGAIN."
Hercules1031's ghost hits you.
* * * LOW HITPOINT WARNING * * *
Hercules1031's ghost hits you but does no damage.
Hercules1031's ghost hits you.
* * * LOW HITPOINT WARNING * * *
Hercules1031's ghost hits you but does no damage.
Hercules1031's ghost hits you but does no damage.
Hercules1031's ghost hits you but does no damage.
Hercules1031's ghost hits you but does no damage.
Hercules1031's ghost hits you.
You die...

**,,,,,,,,,,,,* ##
**#,,,,,,,,,,,,,* .##
#####..,**,,,,,,,,,,* ..##
##....,****,,,,,,,,,,* ...#
#...######*###******** ...#
####.#(.....#....,**
...#####....)...........,,**
..#......###..§§§§§.....,,,*
....######*#...§♣§......,,,*
....# #.....§§W§.....,,,*
.#### ########.......,,,* .#
*.......,,,* .#******
*.......,,,* ..,,,*,********
*.......,,** ...,,,*,,**,,,*
*..#....,** ...P*****,+,,,*
*########## ...P* ***,,,*
#........#


You could see Hercules1031's ghost.

Vanquished Creatures
  Terence (D:3)
  A gnoll (D:1)
  2 leopard geckos
  4 orcs (D:3)
  3 giant cockroaches (D:2)
  2 goblins
  10 hobgoblins
  2 jackals (D:1)
  A quokka (D:3)
  7 bats
  3 frilled lizards
  7 kobolds
  6 rats
  2 fungi (D:2)
51 creatures vanquished.

Notes
Turn   | Place    | Note
-------+----------+-------------------------------------------
     0 | D:1      | Hercules1031 the Draconian Wanderer began the quest for the Orb.
     0 | D:1      | Hercules1031 set off with: a book of Minor Magic, a +0 shortbow, 20 arrows, a potion of curing, a ration
     0 | D:1      | Reached XP level 1. HP: 19/19 MP: 4/4
     2 | D:1      | Learned a level 1 spell: Magic Dart
   142 | D:1      | Reached XP level 2. HP: 11/26 MP: 0/6
   864 | D:1      | Learned a level 2 spell: Blink
   867 | D:1      | Learned a level 2 spell: Call Imp
   870 | D:1      | Learned a level 2 spell: Slow
  1137 | D:1      | Reached XP level 3. HP: 33/33 MP: 5/7
  1566 | D:2      | Found a white marble altar of Elyvilon.
  1855 | D:2      | Found a hazy altar of Hepliaklqana.
  2026 | D:3      | Found a shattered altar of Ashenzari.
  2165 | D:3      | Found a stormy altar of Qazlal.
  2285 | D:3      | Noticed Terence
  2298 | D:3      | Reached skill level 1 in Maces & Flails
  2317 | D:3      | Killed Terence
  2317 | D:3      | Reached skill level 1 in Conjurations
  2317 | D:3      | Reached XP level 4. HP: 5/40 MP: 1/9
  2846 | D:3      | Found a glowing golden altar of the Shining One.
  2991 | D:3      | Noticed Hercules1031's ghost (amateur TrFi)
  3010 | D:3      | HP: 3/60 [Hercules1031's ghost (4)]
  3017 | D:3      | HP: 1/60 [Hercules1031's ghost (1)]
  3025 | D:3      | Slain by Hercules1031's ghost

Skill      XL: |  1  2  3 |
---------------+----------+-----
Maces & Flails | 1 |  1.0
Conjurations   | 1 |  1.0
Fighting       | |  3.9
Dodging        | |  0.9
Stealth        | |  1.0
Shields        | |  1.0
Spellcasting   | |  3.5
Hexes          | |  0.5
Summonings     | |  0.6
Translocations | |  1.2
Air Magic      | |  1.0

Action                   |  1- 3 |  4- 6 || total
-------------------------+-------+-------++-------
Melee: Whip              |   106 |       ||   106
       Tailslap          |    18 |     1 ||    19
       Flail             |    18 |    20 ||    38
 Fire: Shortbow          |     1 |       ||     1
 Cast: Magic Dart        |    90 |    15 ||   105
  Use: Scroll            |     5 |     2 ||     7
       Potion            |     4 |     3 ||     7
  Eat: Ration            |     4 |       ||     4
Armor: Skin              |    68 |    18 ||    86
Dodge: Dodged            |   108 |    15 ||   123
